Map: Alcyone LE

Players

A.I. 1 (Hard)

  • Race: Terran Terran
  • Spawn Location: 1:00

Toast - Winner!

  • Race: Protoss Protoss
  • Spawn Location: 7:00

VOD

Have the link to the VOD?

Description

Time

  • Played on: Oct. 15, 2023, 12:54 a.m.
  • Length: 12:07
Show
View Real Time Build Order
Export as new Build Order

A.I. 1 (Hard) Terran 

Build Orders:  

Get SALT Encoding   

  12  0:00  SCV  
  13  0:13  SCV  
  14  0:19  Supply Depot  
  14  0:25  SCV  
  15  0:40  SCV  
  15  0:41  Barracks  
  16  0:47  Refinery  
  16  0:52  SCV  
  17  1:04  SCV  
  18  1:16  SCV  
  19  1:18  Supply Depot  
  19  1:29  SCV, Marine  
  21  1:40  Barracks  
  21  1:41  Orbital Command  
  21  1:48  Barracks Tech Lab, Refinery  
  21  2:06  Marine  
  21  2:07  Supply Depot  
  22  2:24  Marine  
  22  2:26  Marine  
  24  2:41  Supply Depot  
  24  2:42  Marine  
  25  2:44  Marine  
  26  3:00  Marine  
  26  3:02  Marine  
  28  3:13  SCV  
  28  3:14  Supply Depot  
  28  3:18  Marauder  
  31  3:20  Marine  
  31  3:25  SCV  
  33  3:27  Engineering Bay  
  33  3:37  SCV  
  33  3:38  Marine  
  33  3:39  Marine  
  36  3:49  SCV  
  37  3:56  Marine  
  37  3:57  Marine  
  37  4:02  SCV  
  40  4:13  Marine  
  40  4:14  SCV  
  40  4:16  Marauder  
  44  4:37  Marauder  
  46  4:59  Marauder  
  47  6:03  Barracks Tech Lab  
  52  6:04  Stimpack, Terran Infantry Weapons Level 1  
  47  6:05  Factory  
  47  6:07  Factory  
  47  6:08  Supply Depot  
  47  6:10  Missile Turret  
  47  6:12  Command Center, Missile Turret  
  47  6:21  Combat Shield  
  47  6:33  Supply Depot  
  47  6:36  Bunker  
  47  6:50  Factory Tech Lab  
  47  6:51  Widow Mine  
  47  6:53  Starport  
  49  6:57  Barracks  
  49  7:01  Starport  
  49  7:05  Supply Depot  
  49  7:09  Widow Mine  
  49  7:12  Factory Tech Lab  
  51  7:24  SCV  
  51  7:26  SCV  
  53  7:30  Siege Tank  
  53  7:34  Viking, Refinery  
  53  7:35  Missile Turret  
  53  7:36  Missile Turret  
  53  7:37  SCV  
  59  7:38  SCV  
  59  7:39  Starport Tech Lab, Refinery  
  59  7:40  Concussive Shells  
  60  7:49  SCV  
  60  7:50  SCV  
  62  7:55  Sensor Tower  
  62  7:57  Banshee  
  62  7:58  Bunker  
  65  7:59  Terran Infantry Armor Level 1  
  65  8:01  SCV  
  65  8:02  SCV  
  65  8:05  Starport Tech Lab  
  67  8:11  Armory  
  67  8:12  Barracks Reactor  
  67  8:13  SCV  
  67  8:15  SCV  
  69  8:23  Raven  
  69  8:25  SCV  
  72  8:27  SCV  
  73  8:37  SCV  
  73  8:40  Banshee, SCV  
  78  8:49  SCV  
  78  8:52  SCV  
  80  8:57  Raven  
  80  9:01  SCV  
  83  9:04  SCV  
  83  9:05  Supply Depot  
  84  9:13  SCV  
  84  9:16  SCV  
  85  9:25  SCV  
  86  10:12  SCV  
  86  10:25  Medivac x2  
  86  10:26  Marauder  
  86  10:28  Supply Depot  
  92  10:29  Marauder, Ghost Academy  
  92  10:32  Command Center, Engineering Bay  
  92  10:33  Siege Tank  
  97  10:37  Fusion Core  
  97  10:44  Armory  
  97  10:51  Supply Depot  
  97  10:53  Marine  
  97  10:55  Raven, Medivac  
  97  10:57  Marine  
  76  11:00  Marine  
  76  11:04  Marine  
  67  11:11  Marine  
  66  11:14  Marine  
  66  11:18  Marine  
  68  11:22  Marine  
  68  11:23  Widow Mine  
  63  11:25  Raven  
  63  11:29  Viking, Marauder  
  62  11:33  Hellion  
  62  11:37  Marine  
  38  11:44  Hellion, Marine  
  36  11:48  Marine  
Show
View Real Time Build Order
Export as new Build Order

Toast Protoss - Winner!

Build Orders: Double Forge 

Get SALT Encoding   

  12  0:00  Probe  
  13  0:13  Probe  
  14  0:22  Pylon  
  14  0:25  Probe  
  15  0:40  Probe  
  16  0:43  Gateway  
  16  0:53  Assimilator  
  16  0:55  Probe  
  17  1:07  Probe  
  18  1:30  Cybernetics Core  
  18  1:36  Assimilator  
  18  1:40  Probe  
  19  1:59  Nexus  
  19  2:05  Pylon  
  19  2:08  Warp Gate  
  19  2:09  Stalker  
  19  2:12  Probe (Chrono Boost)  
  22  2:22  Probe (Chrono Boost)  
  23  2:27  Probe (Chrono Boost)  
  24  2:39  Probe  
  24  2:42  Sentry  
  27  2:51  Probe  
  28  3:03  Pylon, Probe  
  29  3:07  Robotics Facility  
  29  3:12  Stalker  
  31  3:15  Probe  
  32  3:21  Assimilator  
  32  3:23  Probe  
  33  3:27  Probe  
  34  3:35  Probe  
  34  3:39  Probe  
  36  3:47  Stalker, Probe  
  39  3:51  Probe  
  40  3:57  Gateway  
  40  4:00  Gateway  
  40  4:03  Probe x2  
  42  4:15  Probe  
  43  4:27  Assimilator, Probe  
  44  4:33  Probe  
  45  4:39  Immortal, Probe  
  50  4:45  Probe  
  50  4:50  Twilight Council  
  50  4:52  Forge  
  51  4:54  Forge  
  51  5:00  Probe  
  51  5:05  Stalker  
  54  5:12  Shield Battery  
  54  5:19  Pylon x2  
  54  5:31  Robotics Bay  
  54  5:33  Protoss Ground Armor Level 1, Charge  
  54  5:34  Protoss Ground Weapons Level 1  
  54  5:37  Probe x2  
  54  5:38  Stalker x3  
  62  5:49  Probe x2  
  64  5:53  Immortal  
  68  6:04  Probe x2  
  70  6:10  Nexus  
  70  6:23  Pylon  
  70  6:24  Pylon  
  70  6:26  Pylon  
  70  6:28  Extended Thermal Lance  
  70  6:41  Probe x2  
  70  6:45  Immortal  
  76  6:53  Robotics Facility  
  76  6:56  Gateway  
  76  7:00  Gateway  
  76  7:04  Pylon  
  76  7:16  Templar Archives  
  76  7:20  Probe  
  77  7:23  Probe x2  
  77  7:28  Stalker x3  
  85  7:32  Blink, Probe  
  85  7:34  Colossus  
  85  7:35  Probe  
  93  7:42  Probe  
  94  7:47  Probe  
  94  7:48  Assimilator  
  94  7:51  Assimilator  
  95  7:54  Probe  
  96  8:13  Probe x2  
  96  8:15  Probe  
  99  8:26  High Templar x2  
  103  8:35  Archon  
  103  8:36  High Templar x2  
  103  8:37  Zealot  
  103  8:41  Archon  
  109  8:44  Protoss Ground Armor Level 2  
  109  8:45  Protoss Ground Weapons Level 2  
  109  8:53  Colossus  
  115  9:12  Nexus  
  115  9:18  Assimilator  
  115  9:22  Assimilator  
  115  9:25  Zealot  
  117  9:35  Pylon  
  117  9:36  Pylon  
  117  9:38  Pylon  
  117  9:40  Pylon  
  117  9:51  Gateway  
  117  9:52  Gateway  
  117  9:53  Probe  
  117  9:55  Gateway x2  
  118  10:04  Zealot x5  
  118  10:05  Probe  
  129  10:08  Gateway  
  129  10:09  Pylon  
  129  10:17  Probe  
  129  10:20  Immortal  
  129  10:21  Colossus  
  140  10:31  High Templar x4  
  140  10:32  Zealot  
  140  10:35  Archon x2  
  150  10:44  Probe  
  151  10:55  Zealot x3  
  151  10:56  Zealot x2, Probe  
  152  10:59  Immortal  
  154  11:05  Zealot x5  
  154  11:08  Probe  
  171  12:06  Pylon  
Tags
 
Matchup
PvT
Spawn Locations
Cross Positions
Add a new tag
Caveats
  • Supply blocks, unpowered buildings, or Contaminate may cause inaccurate times.
  • Supply counts are checked every 10 seconds.